Map: Dusk Towers

Players

Pokebunny

  • Race: Terran Terran
  • League: Grandmaster

SirRobin - Winner!

  • Race: Zerg Zerg
  • League: Master

VOD

Have the link to the VOD?

Description

Time

  • Played on: April 5, 2016, 10:35 p.m.
  • Length: 14:54
Show
View Real Time Build Order
Export as new Build Order

Pokebunny Terran 

Build Orders: Liberator Opening, Reaper Expand, MMM Bio 

Get SALT Encoding   

  12  0:01  SCV  
  13  0:13  SCV  
  14  0:17  Supply Depot  
  14  0:25  SCV  
  15  0:39  SCV  
  15  0:40  Barracks  
  16  0:48  Refinery  
  16  0:51  SCV  
  17  1:03  SCV  
  18  1:15  SCV  
  19  1:28  Orbital Command  
  19  1:34  Reaper  
  20  1:40  Command Center  
  20  1:52  Supply Depot  
  20  1:55  SCV  
  21  2:06  Marine  
  21  2:07  SCV  
  23  2:16  Factory  
  23  2:19  SCV  
  24  2:28  Refinery  
  24  2:29  Barracks Reactor  
  24  2:32  SCV  
  26  2:51  SCV  
  26  2:54  Orbital Command  
  26  2:59  Command Center  
  26  3:02  Starport  
  26  3:08  SCV  
  26  3:12  Hellion  
  29  3:16  Hellion  
  29  3:19  Barracks Tech Lab  
  31  3:22  SCV  
  31  3:26  SCV  
  33  3:27  Liberator  
  33  3:36  SCV  
  33  3:37  Hellion  
  33  3:38  Hellion, SCV  
  39  3:47  Marine  
  43  3:49  SCV  
  43  3:58  Stimpack  
  43  4:01  Supply Depot, SCV  
  43  4:02  SCV  
  45  4:05  Marine  
  46  4:10  Orbital Command  
  46  4:19  Barracks, Factory Reactor  
  46  4:21  Barracks  
  46  4:23  SCV x2  
  48  4:26  Marine  
  48  4:28  Starport Reactor  
  49  4:40  SCV x2  
  49  4:41  Refinery, SCV  
  49  4:42  Refinery  
  49  4:44  Marine  
  53  4:47  Engineering Bay  
  53  4:49  Engineering Bay  
  53  4:52  SCV x2  
  55  4:53  SCV  
  56  5:02  Marine  
  56  5:04  SCV x2  
  59  5:09  Factory Tech Lab, Marine x2  
  61  5:15  Terran Infantry Armor Level 1, Supply Depot, Terran Infantry Weapons Level 1  
  61  5:16  Medivac  
  61  5:17  Supply Depot  
  63  5:22  Medivac  
  63  5:25  SCV x2  
  63  5:26  SCV  
  63  5:27  Marine  
  69  5:37  Marine x4  
  69  5:38  Supply Depot  
  69  5:39  Supply Depot  
  73  5:44  SCV x2  
  73  5:45  SCV  
  73  5:49  Marine  
  77  5:54  Marine x2  
  77  5:56  SCV  
  80  6:04  Marine x2  
  81  6:06  Medivac x2  
  81  6:07  Marine  
  87  6:11  Supply Depot  
  87  6:12  Marine  
  87  6:13  Armory, Siege Tank, Orbital Command  
  91  6:19  SCV  
  91  6:20  SCV  
  93  6:32  Missile Turret  
  93  6:34  Combat Shields, Missile Turret  
  93  6:35  Supply Depot x3  
  69  6:47  Marine x2  
  69  6:48  Marine x3  
  69  6:53  Siege Tank  
  77  7:05  Marine x2  
  77  7:08  Marine x3  
  77  7:12  Terran Infantry Weapons Level 2, Terran Infantry Armor Level 2, Barracks  
  77  7:15  Barracks  
  77  7:23  Marine x2, SCV x2  
  77  7:25  Siege Tank  
  77  7:26  Marine  
  77  7:27  Marine x2  
  84  7:35  SCV  
  81  7:45  Orbital Command  
  81  7:51  Marine x5, Missile Turret  
  73  7:53  Medivac x2  
  75  8:02  Barracks Reactor x2  
  75  8:03  SCV x2  
  77  8:08  Marine  
  77  8:09  Missile Turret  
  77  8:12  SCV  
  79  8:15  SCV  
  79  8:16  Siege Tank, SCV  
  84  8:23  Medivac x2  
  84  8:24  Refinery, Marine x4  
  84  8:25  SCV  
  93  8:27  SCV  
  93  8:29  Supply Depot  
  93  8:30  Supply Depot  
  93  8:31  Marine  
  93  8:33  Supply Depot  
  95  8:39  Marine x3  
  95  8:40  Marine  
  99  8:41  Marine, SCV x3  
  99  8:42  Marine x3  
  99  8:43  Missile Turret  
  106  8:50  Barracks  
  106  8:51  Barracks  
  106  8:52  Barracks  
  106  8:53  SCV x2  
  106  8:54  Siege Tank, Marine, SCV  
  113  8:57  Marine x2  
  114  9:07  Missile Turret  
  114  9:08  Marine x4  
  118  9:10  Missile Turret  
  118  9:12  Marine x2  
  118  9:13  Refinery  
  118  9:15  Marine x2, Marauder  
  124  9:17  Medivac x2  
  127  9:24  Missile Turret  
  127  9:25  Marine  
  127  9:26  Siege Tank  
  131  9:32  Marine, Missile Turret  
  131  9:33  Marine  
  131  9:34  Terran Infantry Weapons Level 3  
  131  9:36  Terran Infantry Armor Level 3  
  133  9:48  Bunker  
  133  9:52  Barracks Reactor, Barracks Tech Lab x2  
  133  9:56  Marine  
  133  9:58  Marine  
  133  9:59  Marine  
  133  10:09  Marine x5, Supply Depot  
  133  10:10  SCV, Marauder  
  133  10:11  Supply Depot  
  139  10:30  Thor, Medivac x2  
  139  10:32  Marauder  
  139  10:41  Marine, Marauder  
  139  10:42  Marine x7, Marauder  
  149  10:43  Command Center  
  149  10:45  Supply Depot  
  149  10:50  Liberator, Missile Turret  
  149  10:55  Missile Turret  
  149  10:56  Missile Turret  
  149  11:02  Marine x5, Marauder  
  164  11:28  Siege Tank  
  164  11:30  Supply Depot  
  164  11:32  Supply Depot, Marine, Marauder  
  164  11:39  Marine x2  
  165  11:40  Marauder  
  165  11:43  Marine  
  165  11:44  Marine x2  
  165  11:45  Marine x3  
  165  11:50  Marine  
  164  11:58  Marine x4, Marauder  
  164  12:00  Marine  
  161  12:01  Marine  
  136  12:16  Liberator x2  
  124  12:23  SCV x3  
  127  12:31  Marine  
  127  12:32  Marine x8, Marauder x3  
  127  12:35  Missile Turret  
  127  12:37  Starport, Missile Turret  
  148  12:38  Fusion Core  
  138  12:54  Marine, Marauder x2  
  118  12:59  Liberator x2  
  118  13:00  Siege Tank  
  118  13:01  Marine x5, Marauder  
  118  13:04  SCV  
  118  13:05  SCV  
  119  13:15  Marauder  
  119  13:16  Marauder  
  129  13:25  Planetary Fortress  
  113  13:31  Marine x5, Marauder  
  113  13:32  Marine x5  
  125  13:36  Marine  
  125  13:37  Siege Tank, Marauder  
  126  13:53  Marine x2, Marauder  
  92  14:04  Marine, Marauder x2  
  92  14:09  Medivac x2  
Show
View Real Time Build Order
Export as new Build Order

SirRobin Zerg - Winner!

Build Orders: Hatch First, Muta Ling Bane 

Get SALT Encoding   

  12  0:01  Drone  
  13  0:08  Drone  
  14  0:16  Overlord  
  14  0:23  Drone, Extractor  
  15  0:34  Drone x2  
  17  0:52  Hatchery  
  17  0:54  Drone  
  17  0:58  Drone  
  18  1:11  Spawning Pool  
  18  1:13  Extractor  
  18  1:15  Drone  
  17  1:19  Drone  
  18  1:27  Drone  
  19  1:43  Hatchery  
  18  1:49  Drone x2  
  20  1:59  Queen  
  22  2:06  Queen  
  24  2:10  Drone  
  25  2:17  Overlord  
  25  2:19  Drone  
  25  2:22  Drone  
  27  2:26  Drone  
  28  2:41  Drone x3  
  28  2:43  Drone  
  32  2:45  Spore Crawler  
  32  2:51  Overlord  
  32  2:54  Drone, Queen  
  32  2:55  Drone  
  32  2:57  Drone  
  37  3:03  Drone  
  38  3:11  Drone x2  
  38  3:12  Drone x3  
  43  3:14  Extractor  
  43  3:17  Lair  
  43  3:18  Drone  
  43  3:19  Drone  
  44  3:24  Overlord  
  44  3:26  Drone x2  
  47  3:30  Drone x2  
  47  3:33  Extractor  
  48  3:34  Extractor  
  48  3:38  Overlord  
  48  3:40  Queen  
  49  3:43  Baneling Nest  
  49  3:44  Drone  
  49  3:56  Zergling x2  
  49  3:57  Zergling x14  
  57  4:03  Drone x2  
  57  4:04  Overlord  
  59  4:13  Overlord  
  59  4:15  Zergling x2  
  59  4:16  Zergling x6, Metabolic Boost  
  63  4:20  Drone x3  
  63  4:22  Extractor  
  63  4:24  Drone x2  
  67  4:25  Extractor  
  66  4:39  Overlord  
  66  4:41  Zergling x8, Spire  
  69  4:50  Overlord  
  69  4:51  Drone x4  
  69  4:52  Drone x2  
  75  4:58  Zergling x8  
  75  4:59  Baneling x2  
  79  5:00  Baneling  
  79  5:01  Baneling  
  79  5:02  Baneling  
  75  5:10  Spore Crawler  
  73  5:17  Drone x3  
  73  5:20  Spore Crawler  
  75  5:24  Drone x2  
  75  5:29  Queen  
  75  5:31  Queen  
  79  5:40  Drone x3  
  79  5:41  Drone x3  
  85  5:54  Overlord  
  85  5:55  Mutalisk x4  
  93  5:58  Mutalisk  
  93  6:02  Drone x3  
  98  6:13  Overlord x2  
  98  6:15  Zerg Flyer Weapons Level 1, Mutalisk x2  
  98  6:18  Extractor  
  101  6:29  Mutalisk x2  
  101  6:53  Zergling x30  
  101  6:54  Zergling x6  
  111  7:09  Drone  
  111  7:10  Overlord x2  
  112  7:29  Mutalisk  
  112  7:30  Mutalisk x6  
  98  8:00  Zergling x10  
  98  8:01  Zergling x16  
  110  8:11  Overlord, Infestation Pit  
  109  8:18  Mutalisk  
  109  8:19  Mutalisk x5  
  121  8:21  Overseer  
  121  8:22  Pneumatized Carapace  
  121  8:24  Drone x2, Hatchery  
  121  8:26  Evolution Chamber  
  121  8:27  Evolution Chamber  
  120  8:29  Baneling  
  120  8:30  Baneling x7  
  120  8:32  Drone  
  120  8:34  Drone x3  
  124  8:38  Mutalisk x4  
  124  8:40  Zergling x2  
  133  8:50  Overlord x2  
  133  8:54  Hive, Zerg Ground Armor Level 1  
  131  9:05  Centrifical Hooks  
  131  9:09  Zergling x22  
  142  9:27  Zerg Melee Weapons Level 1, Overseer  
  142  9:34  Spine Crawler  
  142  9:35  Drone x6  
  147  9:47  Zergling x2, Overlord  
  147  9:48  Zergling x20  
  147  9:51  Overlord  
  158  10:04  Drone  
  159  10:11  Ultralisk Cavern, Baneling  
  159  10:12  Baneling x21  
  152  10:38  Zergling x2  
  152  10:39  Zergling x46  
  152  10:40  Zergling x2  
  175  10:45  Zerg Flyer Weapons Level 2  
  175  10:48  Mutalisk  
  175  10:50  Overlord x2  
  175  10:56  Overseer  
  175  11:02  Chitinous Plating  
  175  11:04  Overlord x2  
  175  11:13  Ultralisk x2  
  187  11:24  Ultralisk  
  187  11:25  Ultralisk  
  160  12:18  Ultralisk x4  
  160  12:21  Zergling x30  
  160  12:22  Zergling x6  
  200  12:25  Baneling x11  
  200  12:26  Baneling x2  
  200  12:29  Overlord  
  200  12:30  Overlord  
  200  12:31  Hatchery  
  200  12:34  Extractor, Mutalisk  
  200  12:39  Extractor  
  141  12:59  Ultralisk x2  
  141  13:00  Zergling x2  
  141  13:01  Zergling x38  
  167  13:26  Mutalisk  
  167  13:27  Mutalisk x4  
  166  13:32  Zergling x2  
  166  13:33  Zergling x16  
  179  13:53  Ultralisk x2  
  179  13:55  Zergling x14  
Tags
 
Add a new tag
Caveats
  • Supply blocks, unpowered buildings, or Contaminate may cause inaccurate times.
  • Supply counts are checked every 10 seconds.